[Event "EYTCC U12 Open 2019"]
[Site "Pardubice"]
[Date "2019.07.12"]
[Round "2.12"]
[White "Giang, Tran Nam"]
[Black "Mohapl, Tomas"]
[Result "1-0"]
[ECO "B92"]
[WhiteElo "1931"]
[BlackElo "1585"]
[Annotator "NA"]
[PlyCount "69"]
[EventDate "2019.07.11"]
[EventType "swiss"]
[EventCountry "CZE"]
[SourceTitle "playchess.com"]
[Source "ChessBase"]
[SourceQuality "1"]
[WhiteTeam "Hungary"]
[BlackTeam "Czech Republic"]
[WhiteTeamCountry "HUN"]
[BlackTeamCountry "CZE"]
[TimeControl "40/5400+30:1800+30"]

1. e4 c5 2. Nf3 d6 3. d4 cxd4 4. Nxd4 Nf6 5. Nc3 a6 6. Be2 e5 7. Nb3 Be6 8. f4 Be7 9. f5 Bd7 10. Be3 Bc6 11. Bf3 Nbd7 12. Qe2 Qc7 13. O-O-O O-O-O 14. g4 h6 15. h4 Nh7 16. Nd5 Bxd5 17. Rxd5 Kb8 18. Kb1 Rc8 19. Qf2 Ndf6 20. Rd3 Qc4 21. Re1 Qa4 22. g5 hxg5 23. hxg5 Nd7 24. Red1 Nxg5 25. Bxg5 Bxg5 26. Rxd6 Nf6 27. Qb6 Qb5 28. Qg1 Bh6 29. Rb6 Qe8 30. Nc5 Rxc5 31. Qxc5 Nd7 32. Qd6+ Ka7 33. Rxa6+ bxa6 34. Qc7+ Ka8 35. Rxd7 1-0

[Event "EYTCC U12 Open 2019"]
[Site "Pardubice"]
[Date "2019.07.12"]
[Round "2.13"]
[White "Cohen, Elad"]
[Black "Finek, Vaclav"]
[Result "1-0"]
[ECO "B76"]
[WhiteElo "2002"]
[BlackElo "2043"]
[Annotator "NA"]
[PlyCount "65"]
[EventDate "2019.07.11"]
[EventType "swiss"]
[EventCountry "CZE"]
[SourceTitle "playchess.com"]
[Source "ChessBase"]
[SourceQuality "1"]
[WhiteTeam "Israel"]
[BlackTeam "Czech Republic"]
[WhiteTeamCountry "ISR"]
[BlackTeamCountry "CZE"]
[TimeControl "40/5400+30:1800+30"]

1. e4 c5 2. Nf3 d6 3. d4 cxd4 4. Nxd4 Nf6 5. Nc3 g6 6. Be3 Bg7 7. f3 O-O 8. Qd2 Nc6 9. O-O-O Bd7 10. Kb1 Rc8 11. g4 a6 12. h4 b5 13. h5 b4 14. Nd5 Nxd5 15. exd5 Nxd4 16. Bxd4 Bxd4 17. Qxd4 Qa5 18. Bd3 e5 19. Qe3 Bb5 20. hxg6 fxg6 21. Bxg6 hxg6 22. Rh8+ Kf7 23. Rh7+ Ke8 24. Qg5 Qc7 25. Rxc7 Rxc7 26. Qxg6+ Rcf7 27. Qxd6 Rxf3 28. Qxe5+ Kd7 29. b3 Re8 30. Qd4 Rfe3 31. Qa7+ Kd6 32. Qb6+ Kd7 33. d6 1-0

[Event "EYTCC U12 Open 2019"]
[Site "Pardubice"]
[Date "2019.07.12"]
[Round "2.14"]
[White "Nemec, Jachym"]
[Black "Vagman, Roy"]
[Result "1-0"]
[ECO "D85"]
[WhiteElo "1927"]
[BlackElo "1941"]
[Annotator "NA"]
[PlyCount "97"]
[EventDate "2019.07.11"]
[EventType "swiss"]
[EventCountry "CZE"]
[SourceTitle "playchess.com"]
[Source "ChessBase"]
[SourceQuality "1"]
[WhiteTeam "Czech Republic"]
[BlackTeam "Israel"]
[WhiteTeamCountry "CZE"]
[BlackTeamCountry "ISR"]
[TimeControl "40/5400+30:1800+30"]

1. d4 Nf6 2. c4 g6 3. Nc3 d5 4. cxd5 Nxd5 5. e4 Nxc3 6. bxc3 Bg7 7. Nf3 c5 8. Rb1 O-O 9. Be2 b6 10. Be3 Bb7 11. Qc2 Qc7 12. d5 Nd7 13. O-O Rae8 14. Nd2 e6 15. c4 exd5 16. cxd5 Bc8 17. Bb5 Rd8 18. a4 Nf6 19. h3 Nh5 20. Nc4 f5 21. d6 Qf7 22. Bg5 Bf6 23. Bh6 Bg7 24. Bxg7 Qxg7 25. e5 f4 26. Bc6 Be6 27. Bf3 Kh8 28. Rfe1 Qh6 29. a5 Qg5 30. Kh2 Ng7 31. axb6 axb6 32. Nxb6 Nf5 33. Qxc5 Nh4 34. Qc3 Qh6 35. Bd5 Qg5 36. Rg1 Bxd5 37. Nxd5 Rc8 38. Qb2 Kg7 39. d7 Rcd8 40. e6+ Kh6 41. Qd4 f3 42. Qg4 Qe5+ 43. Qg3 Qxg3+ 44. fxg3 Nf5 45. g4 f2 46. Rgf1 Rh8 47. gxf5 gxf5 48. Nb6 f4 49. e7 1-0

[Event "EYTCC U12 Open 2019"]
[Site "Pardubice"]
[Date "2019.07.12"]
[Round "2.15"]
[White "Uritsky, Yonathan"]
[Black "Brozka, Karel"]
[Result "0-1"]
[ECO "B10"]
[WhiteElo "2040"]
[BlackElo "1816"]
[Annotator "NA"]
[PlyCount "90"]
[EventDate "2019.07.11"]
[EventType "swiss"]
[EventCountry "CZE"]
[SourceTitle "playchess.com"]
[Source "ChessBase"]
[SourceQuality "1"]
[WhiteTeam "Israel"]
[BlackTeam "Czech Republic"]
[WhiteTeamCountry "ISR"]
[BlackTeamCountry "CZE"]
[TimeControl "40/5400+30:1800+30"]

1. e4 c6 2. Nc3 d5 3. Nf3 dxe4 4. Nxe4 Nd7 5. d4 Ngf6 6. Ng3 h5 7. h3 e6 8. Bd3 Bd6 9. Ne2 Qc7 10. c4 c5 11. O-O b6 12. Nc3 a6 13. Re1 O-O 14. Ne4 Nxe4 15. Bxe4 Bb7 16. Bxb7 Qxb7 17. Ne5 cxd4 18. Nxd7 Qxd7 19. Qxh5 Qc6 20. Qe2 Rac8 21. b3 Rfd8 22. Qd3 b5 23. cxb5 Qxb5 24. Rd1 Qxd3 25. Rxd3 e5 26. f3 Rc2 27. Kf1 Rdc8 28. Bd2 f6 29. a3 Kf7 30. Ke2 Ke6 31. Kd1 Kd5 32. Rc1 Rxc1+ 33. Bxc1 f5 34. Bb2 Bc5 35. Kd2 Rc6 36. Ke1 Rg6 37. g4 e4 38. fxe4+ fxe4 39. Rg3 Bd6 40. Rg1 e3 41. Ke2 Ke4 42. Bxd4 Kxd4 43. Rd1+ Ke4 44. Rd3 Bc5 45. b4 Bd4 0-1

[Event "EYTCC U12 Open 2019"]
[Site "Pardubice"]
[Date "2019.07.12"]
[Round "2.16"]
[White "Janous, Marek"]
[Black "Tsirilman, Guy"]
[Result "0-1"]
[ECO "B94"]
[WhiteElo "1717"]
[BlackElo "1792"]
[Annotator "NA"]
[PlyCount "114"]
[EventDate "2019.07.11"]
[EventType "swiss"]
[EventCountry "CZE"]
[SourceTitle "playchess.com"]
[Source "ChessBase"]
[SourceQuality "1"]
[WhiteTeam "Czech Republic"]
[BlackTeam "Israel"]
[WhiteTeamCountry "CZE"]
[BlackTeamCountry "ISR"]
[TimeControl "40/5400+30:1800+30"]

1. e4 c5 2. Nf3 d6 3. d4 cxd4 4. Nxd4 Nf6 5. Nc3 a6 6. Bg5 Nbd7 7. f4 Qc7 8. Qf3 h6 9. Bxf6 Nxf6 10. h3 b5 11. e5 Bb7 12. exd6 Bxf3 13. dxc7 Bb7 14. O-O-O e6 15. Nb3 Bb4 16. Ne2 O-O 17. a3 Be7 18. Na5 Bd5 19. Nc3 Bd6 20. Nxd5 Nxd5 21. g3 Bxc7 22. Nb3 g5 23. fxg5 hxg5 24. Rd3 f5 25. Bg2 Rad8 26. Nc5 Kf7 27. Rf1 Nf6 28. Rb3 Nh5 29. Nxa6 Bxg3 30. Rxb5 Nf4 31. Bf3 Nxh3 32. Nc5 g4 33. Be2 Bf4+ 34. Kb1 g3 35. Bf3 Rd2 36. Nd3 Bd6 37. Ne1 Nf4 38. Rg1 Rg8 39. Rb7+ Kf6 40. Ng2 Bc5 41. Nxf4 Bxg1 42. Nh5+ Kg5 43. Rb3 Bh2 44. Nxg3 Bxg3 45. a4 e5 46. Bd5 Rd8 47. Rxg3+ Kh4 48. Rf3 R8xd5 49. Rxf5 Kg4 50. Rf8 e4 51. c4 R5d4 52. c5 Rb4 53. c6 Rbxb2+ 54. Ka1 Rbc2 55. Kb1 Rxc6 56. Rf7 e3 57. Re7 Rh6 0-1

[Event "EYTCC U12 Open 2019"]
[Site "Pardubice"]
[Date "2019.07.12"]
[Round "2.17"]
[White "Herega, Nejc"]
[Black "Tarhan, Adar"]
[Result "1-0"]
[ECO "D35"]
[WhiteElo "1939"]
[BlackElo "1972"]
[Annotator "NA"]
[PlyCount "115"]
[EventDate "2019.07.11"]
[EventType "swiss"]
[EventCountry "CZE"]
[SourceTitle "playchess.com"]
[Source "ChessBase"]
[SourceQuality "1"]
[WhiteTeam "Slovenia"]
[BlackTeam "Turkey"]
[WhiteTeamCountry "SLO"]
[BlackTeamCountry "TUR"]
[TimeControl "40/5400+30:1800+30"]

1. d4 d5 2. c4 e6 3. Nc3 Nf6 4. cxd5 exd5 5. Bg5 Nbd7 6. e3 Be7 7. Bd3 c6 8. Qc2 Nh5 9. Bxe7 Qxe7 10. Nge2 g6 11. O-O O-O 12. Rab1 b6 13. b4 Bb7 14. Qd2 Rfe8 15. e4 dxe4 16. Bxe4 Ndf6 17. Bf3 Ng7 18. Ng3 Rad8 19. Rfe1 Qc7 20. Nge4 Nxe4 21. Nxe4 Re6 22. Qg5 Kh8 23. Nf6 Rdd6 24. Rxe6 Rxe6 25. Bg4 Rd6 26. Qe5 Qd8 27. Ne8 Qxe8 28. Qxd6 c5 29. Qe5 Qxe5 30. dxe5 c4 31. b5 Be4 32. Rc1 Bd3 33. f4 h5 34. Bh3 Ne8 35. g3 Nc7 36. Bf1 Nxb5 37. Bxd3 cxd3 38. Rd1 Nc3 39. Rxd3 Nxa2 40. Ra3 Nb4 41. Rxa7 Kg8 42. Rb7 Nd5 43. Kf2 h4 44. Kf3 hxg3 45. hxg3 Kf8 46. Ke4 Nc3+ 47. Kd3 Nd5 48. Kd4 Ne7 49. g4 Nc6+ 50. Ke4 Nd8 51. Rxb6 Ne6 52. f5 gxf5+ 53. gxf5 Nc5+ 54. Kd5 Nd3 55. Kd6 Nf2 56. f6 Kg8 57. Ke7 Kh7 58. e6 1-0

[Event "EYTCC U12 Open 2019"]
[Site "Pardubice"]
[Date "2019.07.12"]
[Round "2.18"]
[White "Celik, Hasan Huseyin"]
[Black "Skrbec, Leon"]
[Result "1/2-1/2"]
[ECO "B06"]
[WhiteElo "1903"]
[BlackElo "1896"]
[Annotator "NA"]
[PlyCount "140"]
[EventDate "2019.07.11"]
[EventType "swiss"]
[EventCountry "CZE"]
[SourceTitle "playchess.com"]
[Source "ChessBase"]
[SourceQuality "1"]
[WhiteTeam "Turkey"]
[BlackTeam "Slovenia"]
[WhiteTeamCountry "TUR"]
[BlackTeamCountry "SLO"]
[TimeControl "40/5400+30:1800+30"]

1. e4 g6 2. d4 Bg7 3. Nc3 c6 4. Nf3 d6 5. Be3 Nf6 6. h3 b5 7. a3 O-O 8. Be2 Nbd7 9. O-O Qc7 10. Qd2 e5 11. Rfd1 Bb7 12. dxe5 dxe5 13. Qd6 Qxd6 14. Rxd6 Rfe8 15. Rad1 Nb6 16. Nh2 h5 17. Nf3 Nh7 18. Ng5 Nxg5 19. Bxg5 Bf8 20. R6d2 Kg7 21. Kf1 Bc8 22. Nb1 Be6 23. b3 Bc5 24. Be3 Be7 25. Rc1 Red8 26. Rxd8 Rxd8 27. c4 bxc4 28. b4 h4 29. Nd2 Rd7 30. Nxc4 Nxc4 31. Bxc4 Bxc4+ 32. Rxc4 Rd3 33. Bc1 Rd6 34. Ke2 Bd8 35. Be3 a6 36. a4 f6 37. f3 g5 38. a5 Kf7 39. Rc3 Ke8 40. Rc4 Kd7 41. Bf2 Re6 42. Kd3 Rd6+ 43. Kc2 Kc8 44. Rc3 Kb7 45. Bc5 Rd7 46. Rd3 Kc8 47. Rxd7 Kxd7 48. Kc3 Be7 49. Bf2 Bd6 50. Kc4 Kc7 51. g3 hxg3 52. Bxg3 Kd7 53. h4 gxh4 54. Bxh4 Ke6 55. Bf2 Kd7 56. Be1 Bf8 57. Bh4 Ke6 58. Bg3 Bd6 59. Bh2 Kd7 60. Bg1 Kc7 61. Bc5 Kd7 62. Bb6 Bf8 63. Bf2 Bd6 64. Be1 Bf8 65. Bg3 Bd6 66. Bh2 Kc7 67. Bg1 Kd7 68. Be3 Ke6 69. Bh6 Kf7 70. Be3 Ke6 1/2-1/2

[Event "EYTCC U12 Open 2019"]
[Site "Pardubice"]
[Date "2019.07.12"]
[Round "2.19"]
[White "Gregoric, Andraz"]
[Black "Portakalci, Yusuf"]
[Result "1/2-1/2"]
[ECO "C06"]
[WhiteElo "1911"]
[BlackElo "1764"]
[Annotator "NA"]
[PlyCount "83"]
[EventDate "2019.07.11"]
[EventType "swiss"]
[EventCountry "CZE"]
[SourceTitle "playchess.com"]
[Source "ChessBase"]
[SourceQuality "1"]
[WhiteTeam "Slovenia"]
[BlackTeam "Turkey"]
[WhiteTeamCountry "SLO"]
[BlackTeamCountry "TUR"]
[TimeControl "40/5400+30:1800+30"]

1. e4 e6 2. d4 d5 3. Nd2 Nf6 4. e5 Nfd7 5. Bd3 c5 6. c3 Nc6 7. Ne2 cxd4 8. cxd4 f6 9. exf6 Nxf6 10. Nf3 Bd6 11. Bf4 O-O 12. O-O Qc7 13. Bxd6 Qxd6 14. Ng3 Bd7 15. Re1 Rae8 16. Qd2 Qb4 17. Rad1 Qd6 18. Bb1 Qc7 19. h3 e5 20. dxe5 Nxe5 21. Nxe5 Rxe5 22. Rxe5 Qxe5 23. Re1 Qd6 24. a3 Re8 25. Rxe8+ Nxe8 26. Qg5 Nf6 27. Nh5 Nxh5 28. Qxh5 g6 29. Qg5 Bc6 30. Ba2 Kg7 31. Qd2 Qe5 32. Bb1 a6 33. Bd3 d4 34. f3 g5 35. Kf2 h6 36. b4 Kf6 37. Qc1 Qd6 38. h4 Qe5 39. hxg5+ Qxg5 40. Qxg5+ hxg5 41. g3 Ke5 42. Ke2 1/2-1/2

[Event "EYTCC U12 Open 2019"]
[Site "Pardubice"]
[Date "2019.07.12"]
[Round "2.20"]
[White "Durak, Can"]
[Black "Olenik Campa, Rudi"]
[Result "1-0"]
[ECO "E61"]
[WhiteElo "1753"]
[BlackElo "1854"]
[Annotator "NA"]
[PlyCount "141"]
[EventDate "2019.07.11"]
[EventType "swiss"]
[EventCountry "CZE"]
[SourceTitle "playchess.com"]
[Source "ChessBase"]
[SourceQuality "1"]
[WhiteTeam "Turkey"]
[BlackTeam "Slovenia"]
[WhiteTeamCountry "TUR"]
[BlackTeamCountry "SLO"]
[TimeControl "40/5400+30:1800+30"]

1. d4 Nf6 2. c4 g6 3. Nc3 Bg7 4. Nf3 O-O 5. Bg5 d6 6. e3 h6 7. Bh4 Nc6 8. Be2 g5 9. Bg3 Nh5 10. Qc2 f5 11. Nd2 Nf6 12. d5 Nb4 13. Qb3 Na6 14. O-O Nc5 15. Qc2 e5 16. f3 Qe7 17. b4 Na6 18. Rab1 Nh5 19. Bf2 f4 20. e4 Nf6 21. c5 h5 22. Nb5 g4 23. cxd6 cxd6 24. Nc4 Ne8 25. Bxa7 Qd8 26. Bf2 Rf7 27. Qd1 Bf8 28. fxg4 Rg7 29. Nb6 Bxg4 30. Bxg4 hxg4 31. Nxa8 Qxa8 32. Rb3 Nf6 33. Qe1 Qe8 34. a4 Qg6 35. Nc3 Be7 36. Bh4 Rh7 37. Bxf6 Bxf6 38. Nb5 Bd8 39. a5 Qh5 40. h3 Qg6 41. hxg4 Qxg4 42. Qd1 Qg6 43. Qf3 Bh4 44. Rc1 Bg3 45. Rc8+ Kf7 46. Kf1 Rh1+ 47. Ke2 Re1+ 48. Kd2 Ra1 49. Nxd6+ Ke7 50. Nf5+ Kd7 51. Rc1 Ra2+ 52. Rc2 Be1+ 53. Kc1 Rxc2+ 54. Kxc2 Bxb4 55. Qe2 Kd8 56. Rh3 Qg8 57. Kb1 Qe8 58. Qh5 Qb5 59. Qh8+ Bf8+ 60. Kc2 Qc4+ 61. Kd2 Qa2+ 62. Ke1 Qxa5+ 63. Kf1 Qc5 64. Qf6+ Kc8 65. Rh8 Qc1+ 66. Kf2 Qd2+ 67. Kg1 Qd1+ 68. Kh2 Kb8 69. Qxf8+ Ka7 70. Qa8+ Kb6 71. Rh6+ 1-0

[Event "EYTCC U12 Open 2019"]
[Site "Pardubice"]
[Date "2019.07.12"]
[Round "2.21"]
[White "Smolik, Jachym"]
[Black "Bakiev, Diyor"]
[Result "1-0"]
[ECO "B03"]
[WhiteElo "1757"]
[BlackElo "2121"]
[Annotator "NA"]
[PlyCount "113"]
[EventDate "2019.07.11"]
[EventType "swiss"]
[EventCountry "CZE"]
[SourceTitle "playchess.com"]
[Source "ChessBase"]
[SourceQuality "1"]
[WhiteTeam "Czech Republic"]
[BlackTeam "Germany"]
[WhiteTeamCountry "CZE"]
[BlackTeamCountry "GER"]
[TimeControl "40/5400+30:1800+30"]

1. e4 Nf6 2. e5 Nd5 3. c4 Nb6 4. d4 d6 5. exd6 exd6 6. Bd3 Nc6 7. Be3 Be7 8. h3 Nb4 9. Nf3 Nxd3+ 10. Qxd3 O-O 11. O-O Bf6 12. Nc3 g6 13. Ne4 Bg7 14. Ng3 d5 15. c5 Nc4 16. Bc1 b6 17. b3 Na5 18. Bd2 Nc6 19. Rac1 Ne7 20. Bf4 a5 21. Rfe1 bxc5 22. Rxc5 c6 23. Qe3 Ra7 24. Ne5 Bd7 25. Qc3 f6 26. Nxd7 Qxd7 27. Rxa5 Rfa8 28. Rxa7 Rxa7 29. a4 g5 30. Bc1 h6 31. Ba3 Ng6 32. Rc1 Rc7 33. Bc5 f5 34. Qc2 Nh4 35. Re1 Qf7 36. a5 f4 37. Nf1 f3 38. g3 Ng2 39. Ra1 Qe6 40. Qd3 Ne1 41. Qd1 Qxh3 42. Ne3 Ng2 43. Qxf3 Nxe3 44. Qxe3 Rc8 45. a6 Ra8 46. a7 Qd7 47. Qc3 Bf8 48. Bxf8 Kxf8 49. Qb4+ Qe7 50. Qb8+ Qe8 51. Qd6+ Kg7 52. b4 Qc8 53. Qe7+ Kg6 54. Re1 Qa6 55. Re6+ Kh5 56. Qf7+ Kg4 57. Kg2 1-0

[Event "EYTCC U12 Open 2019"]
[Site "Pardubice"]
[Date "2019.07.12"]
[Round "2.22"]
[White "Costa, Leonardo"]
[Black "Fizer, Marek"]
[Result "0-1"]
[ECO "B40"]
[WhiteElo "2002"]
[BlackElo "1624"]
[Annotator "NA"]
[PlyCount "74"]
[EventDate "2019.07.11"]
[EventType "swiss"]
[EventCountry "CZE"]
[SourceTitle "playchess.com"]
[Source "ChessBase"]
[SourceQuality "1"]
[WhiteTeam "Germany"]
[BlackTeam "Czech Republic"]
[WhiteTeamCountry "GER"]
[BlackTeamCountry "CZE"]
[TimeControl "40/5400+30:1800+30"]

1. e4 c5 2. Nf3 e6 3. d4 cxd4 4. Nxd4 Qb6 5. Nb3 Qc7 6. Nc3 a6 7. Bd3 Nf6 8. O-O Be7 9. Be3 b5 10. a3 Bb7 11. f4 d6 12. Kh1 h5 13. Qf3 Nbd7 14. Rae1 e5 15. Qg3 h4 16. Qh3 Nh5 17. Nd5 Bxd5 18. exd5 O-O-O 19. Kg1 Bf6 20. c4 e4 21. cxb5 Bxb2 22. b6 Qc3 23. Bxa6+ Kb8 24. Nd2 Nc5 25. Be2 Ng3 26. Nc4 Nxf1 27. Rxf1 Nd3 28. Nxb2 Qxb2 29. Bxd3 exd3 30. Qf5 Qe2 31. Bf2 Rhe8 32. Qxf7 Re7 33. Qg6 d2 34. Qb1 Rde8 35. Bxh4 Re3 36. Qb4 Qxf1+ 37. Kxf1 d1=Q+ 0-1

[Event "EYTCC U12 Open 2019"]
[Site "Pardubice"]
[Date "2019.07.12"]
[Round "2.23"]
[White "Juhanak, Daniel"]
[Black "Deuer, Marius"]
[Result "0-1"]
[ECO "C55"]
[WhiteElo "1510"]
[BlackElo "1881"]
[Annotator "NA"]
[PlyCount "60"]
[EventDate "2019.07.11"]
[EventType "swiss"]
[EventCountry "CZE"]
[SourceTitle "playchess.com"]
[Source "ChessBase"]
[SourceQuality "1"]
[WhiteTeam "Czech Republic"]
[BlackTeam "Germany"]
[WhiteTeamCountry "CZE"]
[BlackTeamCountry "GER"]
[TimeControl "40/5400+30:1800+30"]

1. e4 e5 2. Nf3 Nc6 3. Bc4 Nf6 4. d3 Be7 5. O-O O-O 6. c3 d5 7. exd5 Nxd5 8. Re1 Bg4 9. Bb3 f6 10. Nbd2 Kh8 11. Nf1 Bh5 12. Ng3 Bg6 13. d4 exd4 14. Nxd4 Nxd4 15. Qxd4 c6 16. Ne4 b6 17. a4 f5 18. Nd2 Bc5 19. Qc4 Re8 20. Rxe8+ Qxe8 21. Qf1 Bh5 22. Bd1 Bxd1 23. Qxd1 Nf4 24. Nf3 Rd8 25. Qb3 Nd3 26. Bg5 Qe2 27. Qd1 Qxf2+ 28. Kh1 Qxb2 29. Qb1 Nf2+ 30. Kg1 Rd1+ 0-1

[Event "EYTCC U12 Open 2019"]
[Site "Pardubice"]
[Date "2019.07.12"]
[Round "2.24"]
[White "Hagner, Bennet"]
[Black "Buchta, Bartolomej"]
[Result "1-0"]
[ECO "B90"]
[WhiteElo "1831"]
[BlackElo "1585"]
[Annotator "NA"]
[PlyCount "85"]
[EventDate "2019.07.11"]
[EventType "swiss"]
[EventCountry "CZE"]
[SourceTitle "playchess.com"]
[Source "ChessBase"]
[SourceQuality "1"]
[WhiteTeam "Germany"]
[BlackTeam "Czech Republic"]
[WhiteTeamCountry "GER"]
[BlackTeamCountry "CZE"]
[TimeControl "40/5400+30:1800+30"]

1. e4 c5 2. Nf3 d6 3. d4 cxd4 4. Nxd4 Nf6 5. Nc3 a6 6. Be3 e6 7. Be2 Qc7 8. Qd2 b5 9. f3 Nbd7 10. a4 b4 11. Na2 d5 12. exd5 Nxd5 13. c4 Nxe3 14. Qxe3 Bc5 15. f4 O-O 16. Bf3 Bb7 17. Bxb7 Qxb7 18. Qf3 Qc7 19. O-O-O Bd6 20. Kb1 Nb6 21. b3 Bxf4 22. Nxb4 Rfc8 23. Nbc6 Kh8 24. g3 Bg5 25. Rhe1 Bf6 26. Qf4 Qb7 27. Na5 Qe7 28. Ka2 Qc5 29. Nb7 Qb4 30. Nd6 Rf8 31. Nc6 Qc3 32. Re2 g5 33. Qf2 Nxa4 34. Ne4 Bg7 35. Rc2 f5 36. Nxc3 Nxc3+ 37. Rxc3 Bxc3 38. Qe3 Bf6 39. Rd6 Rae8 40. Rxe6 Rxe6 41. Qxe6 f4 42. Ne5 Bg7 43. Nf7+ 1-0

[Event "EYTCC U12 Open 2019"]
[Site "Pardubice"]
[Date "2019.07.13"]
[Round "3.1"]
[White "Fiszer, Bartosz"]
[Black "Maurizzi, Marc Andria"]
[Result "1-0"]
[ECO "C78"]
[WhiteElo "2124"]
[BlackElo "2412"]
[Annotator "NA"]
[PlyCount "95"]
[EventDate "2019.07.11"]
[EventType "swiss"]
[EventCountry "CZE"]
[SourceTitle "playchess.com"]
[Source "ChessBase"]
[SourceQuality "1"]
[WhiteTeam "Poland"]
[BlackTeam "France"]
[WhiteTeamCountry "POL"]
[BlackTeamCountry "FRA"]
[TimeControl "40/5400+30:1800+30"]

1. e4 e5 2. Nf3 Nc6 3. Bb5 a6 4. Ba4 Nf6 5. O-O Bc5 6. c3 b5 7. Bc2 d5 8. d4 dxe4 9. dxc5 Qxd1 10. Bxd1 exf3 11. Bxf3 e4 12. Bd1 Be6 13. Bc2 O-O-O 14. Bg5 Ne5 15. Nd2 Nd3 16. Bxf6 gxf6 17. Nxe4 Nxb2 18. Nxf6 Nd3 19. Rfd1 Bf5 20. g4 Bg6 21. Bxd3 Bxd3 22. a4 Kb7 23. axb5 axb5 24. Re1 Bc4 25. Re7 Rd3 26. Rc1 Kc6 27. h4 Be6 28. g5 Rc8 29. h5 Kxc5 30. g6 hxg6 31. hxg6 Kd6 32. Re8 fxg6 33. Ne4+ Kd5 34. Rxe6 Kxe6 35. Nc5+ Kd5 36. Nxd3 c5 37. Kf1 Kc4 38. Ne5+ Kb3 39. Rb1+ Kxc3 40. Rxb5 c4 41. Nxg6 Kc2 42. Ke2 c3 43. f4 Kc1 44. f5 c2 45. Ne5 Re8 46. f6 Re7 47. f7 Re8 48. f8=Q 1-0

[Event "EYTCC U12 Open 2019"]
[Site "Pardubice"]
[Date "2019.07.13"]
[Round "3.2"]
[White "Makkar, Rajat"]
[Black "Seemann, Jakub"]
[Result "0-1"]
[ECO "E62"]
[WhiteElo "2064"]
[BlackElo "2017"]
[Annotator "NA"]
[PlyCount "72"]
[EventDate "2019.07.11"]
[EventType "swiss"]
[EventCountry "CZE"]
[SourceTitle "playchess.com"]
[Source "ChessBase"]
[SourceQuality "1"]
[WhiteTeam "France"]
[BlackTeam "Poland"]
[WhiteTeamCountry "FRA"]
[BlackTeamCountry "POL"]
[TimeControl "40/5400+30:1800+30"]

1. d4 Nf6 2. c4 g6 3. g3 Bg7 4. Bg2 O-O 5. Nc3 d6 6. Nf3 Nc6 7. O-O Bg4 8. d5 Na5 9. Nd2 c5 10. Qc2 a6 11. Rb1 Bd7 12. e4 e5 13. b3 b5 14. Bb2 Rb8 15. Ba1 Qc7 16. Qd3 bxc4 17. bxc4 Rb4 18. a3 Rxb1 19. Rxb1 Rb8 20. Rxb8+ Qxb8 21. f4 exf4 22. gxf4 Nh5 23. Qf1 Bd4+ 24. Kh1 Be3 25. Qd3 Bxf4 26. Ncb1 Qd8 27. Nf3 g5 28. Qc3 f6 29. Qd3 g4 30. Nh4 f5 31. Nxf5 Bxf5 32. exf5 Qh4 33. h3 Qe1+ 34. Bf1 Qf2 35. Bg2 Ng3+ 36. Qxg3 Bxg3 0-1

[Event "EYTCC U12 Open 2019"]
[Site "Pardubice"]
[Date "2019.07.13"]
[Round "3.3"]
[White "Meers, Hubert"]
[Black "Mekhane, Adam"]
[Result "1-0"]
[ECO "B56"]
[WhiteElo "2141"]
[BlackElo "2040"]
[Annotator "NA"]
[PlyCount "65"]
[EventDate "2019.07.11"]
[EventType "swiss"]
[EventCountry "CZE"]
[SourceTitle "playchess.com"]
[Source "ChessBase"]
[SourceQuality "1"]
[WhiteTeam "Poland"]
[BlackTeam "France"]
[WhiteTeamCountry "POL"]
[BlackTeamCountry "FRA"]
[TimeControl "40/5400+30:1800+30"]

1. e4 c5 2. Nf3 Nc6 3. d4 cxd4 4. Nxd4 Nf6 5. Nc3 d6 6. f3 e5 7. Nb3 Be6 8. Be3 Be7 9. Qe2 O-O 10. O-O-O Qc8 11. g4 a5 12. Na4 Nd7 13. Qf2 b5 14. Bxb5 Rb8 15. Nc3 Rxb5 16. Nxb5 a4 17. Na1 Nb4 18. a3 Na2+ 19. Kb1 Qb7 20. Qe2 Rb8 21. c4 Rc8 22. Rd5 Nb6 23. Bxb6 Qxb6 24. Kxa2 Bxd5 25. exd5 e4 26. Nc2 exf3 27. Qxe7 Qf2 28. Qe4 Qg2 29. Re1 h6 30. Re3 Rxc4 31. Qxc4 f2 32. Qc8+ Kh7 33. Qf5+ 1-0

[Event "EYTCC U12 Open 2019"]
[Site "Pardubice"]
[Date "2019.07.13"]
[Round "3.4"]
[White "Bat, Bilguun"]
[Black "Klimkowski, Jan"]
[Result "0-1"]
[ECO "A48"]
[WhiteElo "2093"]
[BlackElo "1985"]
[Annotator "NA"]
[PlyCount "80"]
[EventDate "2019.07.11"]
[EventType "swiss"]
[EventCountry "CZE"]
[SourceTitle "playchess.com"]
[Source "ChessBase"]
[SourceQuality "1"]
[WhiteTeam "France"]
[BlackTeam "Poland"]
[WhiteTeamCountry "FRA"]
[BlackTeamCountry "POL"]
[TimeControl "40/5400+30:1800+30"]

1. d4 Nf6 2. Nf3 g6 3. c4 Bg7 4. e3 O-O 5. Be2 d5 6. cxd5 Nxd5 7. e4 Nb6 8. O-O Bg4 9. Nbd2 e5 10. Nxe5 Bxe2 11. Qxe2 Qxd4 12. Ndf3 Qd6 13. Bf4 Qe7 14. Rac1 Na6 15. Nd3 Rae8 16. Rfe1 Nd5 17. Bg3 f5 18. Be5 Bxe5 19. Ndxe5 fxe4 20. Qxe4 c6 21. Qg4 Qg7 22. h4 Kh8 23. Qg3 Nf4 24. Rcd1 Nc5 25. b4 Nce6 26. Rd7 Re7 27. Rxe7 Qxe7 28. Ng5 Qxb4 29. Re3 Nxg5 30. hxg5 Qb1+ 31. Kh2 Qf5 32. Nf3 Nd5 33. Rb3 b6 34. Nd4 Qe4 35. Nxc6 Rf4 36. f3 Qc4 37. Qe1 Qxc6 38. Rd3 Qd6 39. g3 Rf8 40. Qe4 Rd8 0-1

[Event "EYTCC U12 Open 2019"]
[Site "Pardubice"]
[Date "2019.07.13"]
[Round "3.5"]
[White "Tancsa, Tamas"]
[Black "Strybuk, Artsiom I"]
[Result "1/2-1/2"]
[ECO "C65"]
[WhiteElo "2126"]
[BlackElo "2193"]
[Annotator "NA"]
[PlyCount "106"]
[EventDate "2019.07.11"]
[EventType "swiss"]
[EventCountry "CZE"]
[SourceTitle "playchess.com"]
[Source "ChessBase"]
[SourceQuality "1"]
[WhiteTeam "Hungary"]
[BlackTeam "Belarus"]
[WhiteTeamCountry "HUN"]
[BlackTeamCountry "BLR"]
[TimeControl "40/5400+30:1800+30"]

1. e4 e5 2. Nf3 Nc6 3. Bb5 Nf6 4. d3 Bc5 5. O-O d6 6. c3 O-O 7. Nbd2 h6 8. h3 Bb6 9. Nc4 Ne7 10. Nxb6 axb6 11. Re1 Be6 12. d4 Ng6 13. a3 c6 14. Bd3 b5 15. Be3 Qc7 16. Qc2 Nh5 17. c4 bxc4 18. Bxc4 Qc8 19. Bxe6 Qxe6 20. Qd2 Nf6 21. Qd3 d5 22. exd5 Qxd5 23. Qc3 e4 24. Ne5 Ne7 25. Qb4 Qe6 26. Qxb7 Rfb8 27. Qc7 Rxb2 28. Rab1 Ned5 29. Qxc6 Qxc6 30. Nxc6 Rxb1 31. Rxb1 Rxa3 32. Bd2 Rd3 33. Ba5 Nf4 34. Rb8+ Kh7 35. Rf8 Ne2+ 36. Kf1 Nf4 37. Kg1 Ne2+ 38. Kf1 Nxd4 39. Nxd4 Rxd4 40. Rxf7 Kg6 41. Rf8 Rd1+ 42. Ke2 Rg1 43. g3 Rh1 44. h4 Rc1 45. Bb6 Rc2+ 46. Ke1 Nd7 47. Rd8 Ne5 48. Be3 Ra2 49. Re8 Nd3+ 50. Kf1 Kf5 51. Rf8+ Kg4 52. Rg8 Kf3 53. Rf8+ Kg4 1/2-1/2